Map: Ley Lines

Players

ManlyManMeat

  • Race: Zerg Zerg
  • League: Diamond
  • Spawn Location: 7:00

VonMackensen - Winner!

  • Race: Terran Terran
  • Spawn Location: 1:00

VOD

Have the link to the VOD?

Description

Time

  • Played on: July 1, 2025, 2:34 p.m.
  • Length: 9:46
Show
View Real Time Build Order
Export as new Build Order

ManlyManMeat Zerg 

Build Orders: Hatch First 

Get SALT Encoding   

  12  0:00  Drone  
  13  0:08  Drone  
  14  0:16  Drone, Extractor  
  15  0:21  Overlord  
  15  0:40  Drone  
  16  0:47  Hatchery  
  15  0:53  Drone  
  15  0:54  Drone  
  17  0:58  Drone  
  18  1:08  Extractor  
  17  1:16  Spawning Pool  
  17  1:17  Drone  
  17  1:21  Drone  
  18  1:26  Drone  
  19  1:38  Drone  
  20  2:02  Queen x2  
  20  2:04  Zergling x2  
  20  2:05  Zergling x2  
  20  2:07  Overlord  
  26  2:10  Metabolic Boost  
  26  2:14  Drone  
  27  2:16  Drone  
  28  2:32  Extractor  
  28  2:35  Spore Crawler  
  25  2:52  Drone x5  
  25  2:54  Zergling x2  
  31  3:06  Zergling x2  
  31  3:07  Drone  
  32  3:26  Drone x3  
  35  3:27  Overlord  
  35  3:34  Drone  
  35  3:38  Hatchery  
  35  3:53  Drone x3  
  35  3:54  Drone x4  
  42  3:59  Baneling Nest  
  42  4:02  Overlord, Evolution Chamber  
  40  4:14  Overlord  
  40  4:15  Overlord  
  40  4:20  Queen  
  42  4:45  Lair  
  42  4:46  Zerg Melee Weapons Level 1  
  42  4:51  Drone, Evolution Chamber, Spore Crawler  
  42  4:52  Drone x3  
  44  4:56  Queen  
  44  4:59  Queen  
  48  5:11  Zergling x10  
  53  5:17  Drone x3  
  56  5:34  Zergling x2  
  56  5:35  Zergling x2  
  58  5:42  Zerg Ground Armor Level 1  
  58  5:43  Centrifugal Hooks  
  58  5:45  Overlord x3  
  58  5:47  Baneling  
  58  5:48  Baneling x4  
  58  5:51  Baneling x4  
  58  6:03  Overlord x3  
  58  6:07  Zergling x6  
  61  6:20  Zergling x4  
  62  6:32  Hatchery  
  58  6:45  Zergling x20  
  58  6:46  Zergling x8  
  69  6:55  Zergling x10  
  69  6:58  Baneling x4  
  74  7:11  Zergling x8, Baneling  
  74  7:12  Zergling x6  
  80  7:29  Queen  
  73  7:30  Queen  
  73  7:35  Zergling x2  
  73  7:36  Zergling x8  
  65  7:40  Baneling  
  65  7:41  Baneling x5  
  62  7:58  Zergling x14  
  63  8:05  Zergling x4  
  58  8:23  Zergling x2  
  58  8:24  Zergling x8  
  52  8:39  Zergling x12  
  55  8:48  Zergling x2  
  52  8:49  Baneling x6  
  52  8:57  Hatchery  
  51  9:12  Zergling x12  
  51  9:16  Zergling x2  
  51  9:17  Zergling x4  
Show
View Real Time Build Order
Export as new Build Order

VonMackensen Terran - Winner!

Build Orders: Reaper Expand 

Get SALT Encoding   

  12  0:00  SCV  
  13  0:13  SCV  
  14  0:17  Supply Depot  
  14  0:25  SCV  
  15  0:39  SCV  
  15  0:40  Barracks  
  16  0:46  Refinery  
  16  0:51  SCV  
  17  1:03  SCV  
  18  1:15  SCV  
  19  1:28  Reaper  
  19  1:30  Orbital Command  
  20  1:42  Command Center  
  20  1:49  Supply Depot  
  20  1:56  SCV  
  21  2:01  Marine  
  21  2:08  SCV  
  23  2:09  Factory  
  23  2:17  Refinery  
  23  2:19  Marine  
  23  2:20  SCV  
  25  2:32  SCV  
  26  2:44  SCV  
  27  2:51  Marine  
  27  2:56  SCV  
  29  2:58  Orbital Command  
  29  3:08  SCV  
  30  3:18  Marine  
  31  3:20  SCV  
  31  3:23  Factory Tech Lab  
  31  3:26  Barracks x2  
  32  3:29  Starport  
  32  3:33  SCV  
  32  3:34  SCV  
  34  3:38  Barracks Tech Lab  
  34  3:45  SCV  
  34  3:46  SCV  
  36  3:52  Refinery  
  36  3:57  SCV  
  36  3:58  SCV  
  36  3:59  Stimpack, Marine  
  39  4:03  Siege Tank  
  39  4:09  SCV  
  43  4:10  SCV  
  43  4:14  Supply Depot, Starport Reactor  
  44  4:18  Barracks Reactor  
  44  4:21  SCV  
  44  4:22  SCV  
  46  4:31  Barracks Reactor  
  46  4:35  Marine, SCV  
  46  4:36  SCV  
  49  4:39  Supply Depot  
  49  4:40  Supply Depot  
  49  4:48  Refinery, SCV x2  
  51  4:53  Marine  
  51  4:54  Medivac  
  54  5:01  Barracks x2  
  54  5:02  Marine x2, Siege Tank  
  54  5:03  SCV  
  54  5:04  SCV  
  61  5:12  Marine x2  
  64  5:15  SCV  
  64  5:16  SCV  
  64  5:20  Marine  
  67  5:21  Marine  
  67  5:25  Marauder  
  67  5:27  SCV  
  70  5:42  Supply Depot x2  
  70  5:46  Engineering Bay  
  70  5:50  Engineering Bay  
  70  5:58  Marine x4, SCV, Medivac  
  70  6:00  Marine, Barracks Tech Lab  
  70  6:01  Barracks Reactor  
  70  6:03  Siege Tank, SCV  
  82  6:10  SCV  
  83  6:15  SCV  
  83  6:16  Marauder, Marine x3  
  83  6:18  Marine  
  89  6:20  Supply Depot  
  89  6:21  Supply Depot  
  89  6:23  SCV  
  91  6:27  Marine  
  92  6:34  Marine x2  
  92  6:36  Marine x2  
  93  6:43  Marine x3  
  93  6:45  Marine  
  90  6:48  SCV  
  90  6:51  Marine x2  
  90  6:53  Marine, Medivac  
  90  6:54  Marine  
  96  6:55  SCV  
  98  7:01  Marine x3  
  98  7:03  Marine  
  102  7:09  Marine x2  
  102  7:11  Marine x2, Terran Infantry Weapons Level 1  
  102  7:12  Terran Infantry Armor Level 1  
  106  7:19  Marine x2  
  108  7:33  Marine x3  
  108  7:35  Marine x2  
  108  7:36  Marine  
  103  7:37  Marine x2  
  103  7:38  Siege Tank  
  108  7:51  Marine x2  
  108  7:54  Marine x3  
  110  8:15  Marine x2  
  110  8:17  Marine x6, Siege Tank  
  89  8:33  Marine x2  
  87  8:34  Marine  
  87  8:35  Marine x2  
  87  8:37  Marine, Medivac x2  
  92  8:47  Marine x2  
  93  8:49  Siege Tank  
  93  8:51  Marine  
  93  8:52  Marine x2  
  93  8:53  Marine x2  
  101  9:04  Marine  
  101  9:05  Marine  
  101  9:08  Marine  
  101  9:09  Marine  
  105  9:12  Command Center  
  105  9:18  Marine x2  
  105  9:19  Marine x2  
  105  9:23  Marine  
  110  9:27  Marine x2  
  110  9:28  Marine  
Tags
 
Add a new tag
Caveats
  • Supply blocks, unpowered buildings, or Contaminate may cause inaccurate times.
  • Supply counts are checked every 10 seconds.